 Dungeon Crawl Stone Soup version 0.32-a0-900-g30fb1b0 (webtiles) character file.

Game seed: 13531088791418797951

2158 Dorkslayer the Chopper (level 9, -5/61 HPs)
             Began as an Octopode Fighter on Apr 5, 2024.
             Was an Initiate of Okawaru.
             Slain by a steam dragon (7 damage)
             ... on level 7 of the Dungeon.
             The game lasted 00:15:26 (4818 turns).

Dorkslayer the Chopper (Octopode Fighter)           Turns: 4818, Time: 00:15:27

Health: -5/61      AC:  1    Str: 19    XL:     9   Next: 31%
Magic:  9/9        EV: 17    Int: 11    God:    Okawaru [......]
Gold:   412        SH:  8    Dex: 11    Spells: 8/8 levels left

rFire   . . .        a - +0 war axe
rCold   + + .        m - +0 kite shield
rNeg    + . .        (helmet restricted)
rPois   +            (no amulet)
rElec   .            k - ring of positive energy
rCorr   .            h - ring of protection from cold
SInv    .            b - ring of protection from cold
Will    .....        p - +5 ring of evasion
Stlth   ++++         c - ring of poison resistance
HPRegen 0.30/turn    (no ring)
MPRegen 0.11/turn    (no ring)
                     (no ring)

%: no passive effects
@: no status effects
A: almost no armour, amphibious, 8 rings, camouflage 1, gelatinous body 1,
(nimble swimmer 1), tentacles
a: Renounce Religion


You were on level 7 of the Dungeon.
You worshipped Okawaru.
Okawaru was noncommittal.
You visited 2 branches of the dungeon, and saw 8 of its levels.

You collected 412 gold pieces.

Inventory:

Hand Weapons
 a - a +0 war axe (weapon)
Missiles
 e - 3 javelins (quivered)
Armour
 m - a +0 kite shield (worn)
Jewellery
 b - a ring of protection from cold (on tentacle)
 c - a ring of poison resistance (on tentacle)
 h - a ring of protection from cold (right tentacle)
 k - a ring of positive energy (left tentacle)
 p - a +5 ring of evasion (on tentacle)
Talismans
 j - a granite talisman
 u - a blade talisman
Wands
 l - a wand of digging (8)
 q - a wand of light (2)
 v - a wand of flame (28)
Scrolls
 f - 2 scrolls of poison
 g - 2 scrolls of fog
Potions
 d - a potion of enlightenment
 i - a potion of lignification
 n - a potion of invisibility
 o - a potion of brilliance {unknown}
 r - a potion of cancellation
 s - a potion of berserk rage {unknown}
 t - a potion of haste {unknown}
 w - a potion of degeneration {unknown}
 x - 3 potions of might
 z - a potion of curing
 A - a potion of magic {unknown}


   Skills:
 * Level 5.5 Fighting
 + Level 6.3 Axes
 + Level 2.2 Throwing
 * Level 5.6 Dodging
 + Level 5.7 Stealth
 * Level 5.1 Shields
 * Level 0.3 Invocations
 * Level 4.5 Evocations
 + Level 0.4 Shapeshifting


You had 8 spell levels left.
You didn't know any spells.
Your spell library contained the following spells:

 Spells                   Type           Power      Damage    Failure   Level
 Blink                    Tloc           0%         N/A       77%         2
 Jinxbite                 Hex            0%         N/A       77%         2
 Lesser Beckoning         Tloc           0%         N/A       77%         2
 Momentum Strike          Conj/Tloc      0%         3d8       77%         2
 Frozen Ramparts          Ice            0%         1d1       94%         3
 Ozocubu's Armour         Ice            0%         N/A       94%         3
 Metabolic Englaciation   Hex/Ice        0%         N/A       100%        5
 Yara's Violent Unravell  Hex/Alch       0%         3d3       100%        5
 Enfeeble                 Hex            0%         N/A       100%        7
 Summon Small Mammal      Summ           Unusable   N/A       N/A         1
 Call Canine Familiar     Summ           Unusable   N/A       N/A         3
 Summon Blazeheart Golem  Fire/Summ      Unusable   N/A       N/A         4

Dungeon Overview and Level Annotations

Branches:
Dungeon (7/15)             Temple (1/1) D:7

Altars:
Ashenzari
Dithmenos
Elyvilon
Fedhas
Gozag
Kikubaaqudgha
Makhleb
Nemelex Xobeh
Okawaru
Qazlal
Ru
Trog
Uskayaw
Vehumet
Xom
Yredelemnul
Zin
The Shining One

Shops:
D:3 =


Innate Abilities, Weirdness & Mutations

You cannot wear most types of armour.
You are amphibious.
You can wear up to eight rings at the same time.
Your skin changes colour to match your surroundings (Stealth+).
Your rubbery body absorbs attacks. (AC +1, EV +1)
((You are camouflaged when in or above water. (Stealth+)))
You have tentacles for arms and can constrict up to eight enemies at once.


Message History

The steam dragon breathes steam at you. The ball of steam hits you!
Aiming: Bolt of Light
Press: ? - help, Shift-Dir - straight line, f/p - steam dragon
Aim: a steam dragon (steam, heavily wounded, 74% to hit)
The bolt of light hits the steam dragon.
The steam dragon is severely wounded.
The steam dragon is blinded.
You see here 7 stones.
You see here 2 javelins.
Unknown command.
Unknown command.
e - 2 javelins Throw: 2 javelins
Press: ? - help, Q - select action, (/) - cycle Shift-Dir - straight line, f/p - steam dragon
Aim: a steam dragon (severely wounded, wandering, blind, unable to see you, hasn't noticed you, 56% to hit)
You throw a javelin.
The javelin closely misses the steam dragon.
The steam dragon hisses angrily.
There are no items here.
e - 2 javelins (gained 1)
There are no items here.
e - 3 javelins (gained 1)
You see here 7 stones.
The steam dragon hisses angrily.
The steam dragon breathes steam at you. The ball of steam hits you!
You are engulfed in a cloud of scalding steam.
You see here a javelin.
You closely miss the steam dragon. Your squeeze misses the steam dragon.
The steam dragon is severely wounded.
You are engulfed in a cloud of scalding steam.
* * * LOW HITPOINT WARNING * * *
You block the steam dragon's attack. x2
You barely miss the steam dragon.
The steam dragon is severely wounded.
You are engulfed in a cloud of scalding steam.
* * * LOW HITPOINT WARNING * * *
The steam dragon bites you!
You die...

..##.########
#...#.#.#....#..#
#..#........#
#............#..#
#..#.######.#
##.##.#.>.#.#....#
#..#.# #.#
#.....#...#.#.##.#
..##.. #.#
#..#....#...... .##
..#...
#.###..#.##.#.##.#....#
.##.###
#.#..............#....#
.#..
#.#.#..#.#.#.##....#.
.#.#
#.#.##@#§#.#....##.#..#
.#
#.#.##D....(..........#
##
#.#..§###############.#
# ##.#...§§.## #
.............#
.###.........#
###..^........
##..>..##### ##...##


You could see a steam dragon.

Vanquished Creatures
  Eustachio (D:6)
  A water moccasin (D:5)
  An ice beast (D:5)
  An orc warrior (D:6)
  2 sky beasts
  An ogre (D:6)
  3 kobold brigands
  2 bullfrogs (D:7)
  A scorpion (D:6)
  3 bombardier beetles
  A howler monkey (D:7)
  4 crimson imps (D:5)
  5 orc priests
  4 jellies
  4 hounds
  An iguana (D:4)
  2 sleepcaps
  Ijyb (D:5)
  6 orc wizards
  3 adders (D:5)
  3 dart slugs
  15 orcs
  7 bats
  6 endoplasms
  5 giant cockroaches
  8 hobgoblins
  2 jackals (D:3)
  20 kobolds
  7 quokkas
  7 ball pythons
  4 frilled lizards
  5 goblins
  8 rats
144 creatures vanquished.

Notes
Turn   | Place    | Note
-------+----------+-------------------------------------------
     0 | D:1      | Dorkslayer the Octopode Fighter began the quest for the
                  | Orb.
     0 | D:1      | Reached XP level 1. HP: 16/16 MP: 1/1
   139 | D:1      | Reached XP level 2. HP: 21/21 MP: 2/2
   228 | D:1      | HP: 1/21 [dart slug/slug dart (4)]
   351 | D:1      | Reached XP level 3. HP: 26/26 MP: 3/3
  1006 | D:2      | Reached XP level 4. HP: 31/31 MP: 4/4
  1202 | D:3      | Reached skill level 1 in Stealth
  1574 | D:3      | Found Nitush's Jewellery Boutique.
  1704 | D:3      | Found a broken altar of Ashenzari.
  1884 | D:4      | Found a stormy altar of Qazlal.
  1884 | D:4      | Noticed a sky beast
  1897 | D:4      | Killed a sky beast
  1898 | D:4      | Reached skill level 3 in Axes
  1898 | D:4      | Reached skill level 1 in Evocations
  1898 | D:4      | Reached XP level 5. HP: 9/36 MP: 5/5
  2013 | D:4      | Reached XP level 6. HP: 43/43 MP: 6/6
  2156 | D:4      | Reached skill level 4 in Axes
  2190 | D:4      | Identified a scroll of acquirement
  2190 | D:4      | Acquired a +5 ring of evasion
  2895 | D:5      | Entered Level 5 of the Dungeon
  2926 | D:5      | Noticed a water moccasin
  2933 | D:5      | Killed a water moccasin
  2934 | D:5      | Reached XP level 7. HP: 24/48 MP: 7/7
  3182 | D:5      | Noticed Ijyb
  3193 | D:5      | Killed Ijyb
  3268 | D:5      | Found a shimmering altar of Xom.
  3277 | D:5      | Reached skill level 5 in Axes
  3277 | D:5      | Reached XP level 8. HP: 51/54 MP: 8/8
  3292 | D:5      | Reached skill level 5 in Stealth
  3496 | D:5      | Found a basalt altar of Yredelemnul.
  3724 | D:6      | Noticed Eustachio
  3739 | D:6      | Killed Eustachio
  3978 | D:6      | Reached skill level 5 in Fighting
  3978 | D:6      | Reached skill level 1 in Throwing
  3978 | D:6      | Reached skill level 5 in Dodging
  4150 | D:6      | Reached XP level 9. HP: 61/61 MP: 9/9
  4152 | D:6      | Reached skill level 5 in Shields
  4320 | D:6      | Reached skill level 6 in Axes
  4533 | D:7      | Found a staircase to the Ecumenical Temple.
  4547 | Temple   | Entered the Ecumenical Temple
  4558 | Temple   | Became a worshipper of Warmaster Okawaru
  4669 | D:7      | Found a white marble altar of Elyvilon.
  4818 | D:7      | HP: 1/61 [steam dragon] (12)]
  4818 | D:7      | Slain by a steam dragon

Illustrated notes

Levels and vault maps discovered:
D:1:      sevenhm_arrival_forest_fort_small_6, layout_basic
D:2:      layout_loops_ring
D:3:      layout_basic, ashenzari_altar_1, serial_shops, shop,
          minmay_strange_pillars
D:4:      layout_gridville, nicolae_qazlal_beasts_of_the_sky
D:5:      layout_basic, amcnicky_altar_gilded, led_xom_imps, uniq_ijyb
D:6:      layout_basic, mrwooster_statue_mirror, uniq_eustachio
D:7:      layout_loops_ring, mainiacjoe_overflow_catch_the_wave,
          minmay_temple_entry_ruins, minmay_misc_feat_tower
Temple:   nicolae_temple_bog_church

Skill      XL: |  1  2  3  4  5  6  7  8  9 |
---------------+----------------------------+-----
Stealth        | 2 3 4 5 |  5.7
Axes           | 3 4 5 6 |  6.3
Evocations     | 1 2 3 4 |  4.5
Dodging        | 4 5 |  5.6
Fighting       | 4 5 |  5.5
Shields        | 4 5 |  5.1
Throwing       | 1 2 |  2.2
Invocations    | |  0.3
Shapeshifting  | |  0.4

Action                     |  1- 3 |  4- 6 |  7- 9 || total
---------------------------+-------+-------+-------++-------
  Melee: War axe           |    64 |    58 |   100 ||   222
         Tentacles         |    11 |    16 |    25 ||    52
         Constrict         |    20 |    16 |    34 ||    70
  Throw: Javelin           |       |       |    22 ||    22
  Evoke: Wand              |       |     1 |    17 ||    18
    Use: Scroll            |     4 |     6 |     3 ||    13
         Potion            |       |     1 |     1 ||     2
   Stab: Sleeping          |     7 |     8 |     5 ||    20
         Distracted        |       |     1 |     1 ||     2
 Armour: Skin              |    32 |    32 |    50 ||   114
  Dodge: Dodged            |    34 |    22 |    50 ||   106
  Block: Buckler           |    18 |     8 |       ||    26
         Kite shield       |       |    14 |    54 ||    68

Table legend: (Time is in decaauts)
 A = Elapsed time spent in this place.
 B = Non-inter-level travel time spent in this place.
 C = Inter-level travel time spent in this place.
 D = Time resting spent in this place.
 E = Time spent auto-exploring this place.
 F = Levels seen in this place.
 G = Mean time per level.
                   A        B        C        D        E       F      G
               +--------+--------+--------+--------+--------+-----+--------+
         Total |   4918 |   4918 |      0 |    148 |   2404 |   8 |  614.8 |
       Dungeon |   4895 |   4895 |      0 |    148 |   2404 |   7 |  699.3 |
        Temple |     22 |     22 |      0 |      0 |      0 |   1 |   22.0 |
               +--------+--------+--------+--------+--------+-----+--------+

Top non-repeatable levels by time:
     D:4: 1022 daAuts
     D:6: 900 daAuts
     D:5: 764 daAuts
     D:3: 708 daAuts
     D:2: 617 daAuts
     D:1: 595 daAuts
     D:7: 287 daAuts
  Temple: 22 daAuts
